AoeStats
← undercat

Four Lakes

507920798Analyzed
1v1 RM · 13d ago on Sep 20, 2026· 43m 20s· 2 players
Game mode
Random Map
Map size
Tiny (2 player)
Population
200
Speed
Normal
Resources
Standard
Victory
Conquest
Starting age
Dark Age
Ending age
Imperial Age
RankedLock teamsTeams togetherTeam positionsShared explorationLock speedFull tech treeHidden civsTurbo modeCheats
Victory
Defeat
🇹🇼 Berbers · Taiwan
950
+17
🇦🇺 Magyars · Australia
974
-17
undercat
5:21 Loom
10:27 Feudal Age
11:48 Double-Bit Axe
19:18 Castle Age
19:07 Scale Barding Armor
19:37 Bloodlines
19:51 Horse Collar
21:17 Husbandry
24:25 Bow Saw
26:45 Gold Mining
31:04 Imperial Age
30:14 Fletching
30:54 Padded Archer Armor
32:23 Bodkin Arrow
33:10 Heavy Plow
34:23 Chemistry
35:13 Ballistics
36:09 Heavy Cavalry Archer
37:58 Bracer
38:04 Thumb Ring
39:28 Chain Barding Armor
40:51 Leather Archer Armor
42:30 Siege Engineers
43:15 Light Cavalry
Thorag
9:45 Feudal Age
10:49 Loom
12:20 Double-Bit Axe
18:49 Gold Mining
21:52 Castle Age
20:30 Bloodlines
21:58 Scale Mail Armor
22:01 Pikeman
23:43 Husbandry
23:06 Light Cavalry
24:16 Bow Saw
25:29 Wheelbarrow
27:50 Chain Mail Armor
30:11 Scale Barding Armor
31:16 Stone Mining
33:15 Chain Barding Armor
35:42 Imperial Age
33:35 Hand Cart
34:08 Gold Shaft Mining
33:23 Horse Collar
33:26 Fishing Lines
35:25 Heavy Plow
35:56 Hussar
39:15 Ballistics
38:25 Halberdier
40:00 Fletching
42:16 Elite Skirmisher
Connection lost

Rejoining the realm…

Still unreachable

The connection could not be restored.

Session expired

The server has moved on; the page needs a fresh start.